 Dungeon Crawl Stone Soup version 0.26.1-11-gd32895ea62 (webtiles) character file.

Game seed: 4829941380052489825

122 manyhoops the Ruffian (level 4, -3/38 HPs)
             Began as a Palentonga Transmuter on Apr 16, 2021.
             Hit by a boomerang thrown by an orc (5 damage)
             ... on level 3 of the Dungeon.
             The game lasted 00:02:51 (2706 turns).

manyhoops the Ruffian (Palentonga Transmuter)       Turns: 2706, Time: 00:02:51

Health: -3/38      AC:  6    Str: 21    XL:     4   Next: 78%
Magic:  6/7        EV:  9    Int: 13    God:
Gold:   96         SH:  0    Dex: 10    Spells: 4/7 levels left

rFire    . . .     SeeInvis +     - Unarmed
rCold    . . .     Faith    .   (no shield)
rNeg     . . .     Spirit   .   m - +2 leather armour {rPois}
rPois    +         Reflect  .   (no helmet)
rElec    .         Harm     .   (no cloak)
rCorr    +         Rampage  .   (no gloves)
Will     .....                  (no barding)
Stlth    +.........             (no amulet)
HPRegen  0.12/turn              d - ring of resist corrosion
MPRegen  0.10/turn              e - +6 ring of strength

@: wereblooded
A: large, rugged brown scales 3, see invisible, deformed body, roll 1, armoured
tail
a: Rolling Charge


You were on level 3 of the Dungeon.
You visited 1 branch of the dungeon, and saw 3 of its levels.

You collected 96 gold pieces.

Inventory:

Armour
 a - a +0 robe
 m - a +2 leather armour of poison resistance (worn)
Jewellery
 d - a ring of resist corrosion (left hand)
 e - a +6 ring of strength (right hand)
Scrolls
 c - 2 scrolls of enchant weapon
 g - a scroll of fear
 h - a scroll of teleportation
 k - a scroll of enchant armour {unknown}
Potions
 b - a potion of magic {unknown}
 i - a potion of haste {unknown}
 j - a potion of brilliance {unknown}
 l - 2 potions of flight {unknown}
 n - a potion of mutation {unknown}


   Skills:
 - Level 2.2 Fighting
 - Level 1.5 Dodging
 - Level 4.5 Unarmed Combat
 - Level 2.0 Spellcasting
 + Level 3.0 Transmutations


You had 4 spell levels left.
You knew the following spells:

 Your Spells              Type           Power        Failure   Level
a - Beastly Appendage     Tmut           18%          9%          1
b - Wereblood             Tmut           9%           13%         2

Your spell library contained the following spells:

 Spells                   Type           Power        Failure   Level
 Spider Form              Tmut/Pois      2%           43%         3
 Ice Form                 Ice/Tmut       5%           83%         4
 Blade Hands              Tmut           4%           93%         5


Dungeon Overview and Level Annotations

Branches:
Dungeon (3/15)

Altars:
Makhleb


Innate Abilities, Weirdness & Mutations

You are completely covered in rugged brown scales. (AC +3, +7% HP)
You have supernaturally acute eyesight. (SInv)
Armour fits poorly on your strangely shaped body.
You can roll at nearby foes to attack.
You have a long armoured tail.


Message History

* * * LOW HITPOINT WARNING * * *
The orc wizard hits you but does no damage.
Unknown command.
You barely miss the orc wizard.
The orc wizard is heavily wounded.
The goblin hits you with a +0 club.
* * * LOW HITPOINT WARNING * * *
The orc hits you but does no damage. The orc hits you with a +0 club.
* * * LOW HITPOINT WARNING * * *
The orc wizard hits you but does no damage.
You barely miss the orc wizard. You tail-slap the orc wizard!
You kill the orc wizard!
The orc hits you with a +0 club.
* * * LOW HITPOINT WARNING * * *
The orc closely misses you. The goblin hits you with a +0 club.
* * * LOW HITPOINT WARNING * * *
Your Transmutations skill increases to level 3!
Okay, then.
The orc throws a boomerang.
The boomerang hits you.
You die...

.............
...............
!..........##..#+#####+##
...........##......#.....
...........##......#.....
...........##......#.....
......)go..##......+.....
......o.o..##......#.....
........@..##......'.....
.......)...##......#.#'#.
...........##..#'###.#.#.
#######.#'###..#.###.#.#.
...#......<.....#.#.
##################.#.
..#. ###.


You could see 3 orcs and a goblin.

Vanquished Creatures
  An orc wizard (D:3)
  A gnoll (D:1)
  2 adders
  5 leopard geckos
  3 orcs
  2 giant cockroaches (D:1)
  8 hobgoblins
  11 jackals
  4 kobolds
  A quokka (D:3)
  5 bats
  6 frilled lizards
  4 goblins
  3 rats (D:1)
56 creatures vanquished.

Notes
Turn   | Place    | Note
-------+----------+-------------------------------------------
     0 | D:1      | manyhoops the Palentonga Transmuter began the quest for the
                  | Orb.
     0 | D:1      | Reached XP level 1. HP: 17/17 MP: 3/3
   581 | D:1      | Reached XP level 2. HP: 24/24 MP: 3/5
   584 | D:1      | Learned a level 2 spell: Wereblood
   823 | D:1      | Reached XP level 3. HP: 25/31 MP: 3/6
   990 | D:1      | Reached skill level 4 in Unarmed Combat
  1431 | D:2      | Found a burning altar of Makhleb.
  1754 | D:2      | Reached XP level 4. HP: 13/38 MP: 7/7
  2706 | D:3      | Hit by a boomerang thrown by an orc

Illustrated notes

Levels and vault maps discovered:
D:1:      eino_arrival_cavern_b, layout_rooms, dk_noncrumbling_3
D:2:      minmay_chambers_of_ones, layout_basic, nicolae_overflow_crystal_walls,
          minmay_misc_feat_pillars, minivault_25
D:3:      layout_basic

Skill      XL: |  1  2  3  4 |
---------------+-------------+-----
Unarmed Combat | 4 |  4.5
Fighting       | 2 |  2.2
Transmutations | 3 |  3.0
Dodging        | |  1.5
Spellcasting   | |  2.0

Action                   |  1- 3 |  4- 6 || total
-------------------------+-------+-------++-------
Melee: Unarmed           |   127 |    36 ||   163
       Headbutt          |    10 |     5 ||    15
       Tailslap          |     8 |     7 ||    15
       Kick              |    10 |     3 ||    13
 Cast: Beastly Appendage |    18 |     6 ||    24
       Wereblood         |     1 |     1 ||     2
 Abil: Rolling Charge    |     1 |       ||     1
  Use: Scroll            |     5 |       ||     5
       Potion            |       |     3 ||     3
Armor: Robe              |    38 |       ||    38
       Leather armour    |       |    21 ||    21
Dodge: Dodged            |    69 |    23 ||    92
